 Dungeon Crawl Stone Soup version 0.21.1-1-g345015fe64 (webtiles) character file.

82 HypnoRock the Cudgeler (level 4, -5/35 HPs)
             Began as a Demonspawn Gladiator on June 7, 2018.
             Slain by Bapho's ghost (9 damage)
             ... on level 3 of the Dungeon.
             The game lasted 00:18:44 (1717 turns).

HypnoRock the Cudgeler (Demonspawn Gladiator)       Turns: 1717, Time: 00:18:44

Health: -5/35      AC:  9    Str: 15    XL:     4   Next: 21%
Magic:  4/4        EV: 10    Int: 10    God:
Gold:   124        SH:  0    Dex: 14    Spells: 3/3 levels left

rFire    . . .     SeeInvis .   a - +0 flail
rCold    . . .     Gourm    .   (no shield)
rNeg     + . .     Faith    .   r - +0 scale mail
rPois    .         Spirit   .   q - +1 helmet
rElec    .         Reflect  .   u - +0 cloak
rCorr    .         Harm     .   (no gloves)
MR       .....                  (no boots)
Stlth    ..........             (no amulet)
HPRegen  0.11/turn              o - ring of positive energy
MPRegen  0.09/turn              (no ring)

@: no status effects
A: hooves 1, foul stench 1, rot immunity
a: no special abilities


You were on level 3 of the Dungeon.
You were not hungry.

You visited 1 branch of the dungeon, and saw 3 of its levels.

You collected 124 gold pieces.

Inventory:

Hand Weapons
 a - a +0 flail (weapon)
Missiles
 d - a throwing net (quivered)
 i - 15 bolts
Armour
 b - a +0 leather armour
 c - a +0 helmet
 g - a +0 ring mail
 q - a +1 helmet (worn)
 r - a +0 scale mail (worn)
 u - a +0 cloak (worn)
Jewellery
 o - a ring of positive energy (left hand)
Scrolls
 h - 2 scrolls of magic mapping {unknown}
 j - 3 scrolls of identify {unknown}
 k - a scroll of amnesia {unknown}
 l - a scroll of fog {unknown}
 n - 2 scrolls of enchant weapon {unknown}
 s - 4 scrolls of teleportation {unknown}
Potions
 e - a potion of heal wounds {unknown}
 m - 3 potions of curing {unknown}
 p - a potion of haste {unknown}
 t - a potion of might {unknown}
 w - a potion of resistance {unknown}
Comestibles
 f - 5 rations


   Skills:
 - Level 3.1 Fighting
 + Level 3.7 Maces & Flails
 - Level 2.0 Throwing
 - Level 3.0 Dodging


You had 3 spell levels left.
You didn't know any spells.

Dungeon Overview and Level Annotations

Branches:
Dungeon (3/15)

Altars:
Ashenzari

Annotations:
D:3 Bapho's ghost, amateur HOFi


Innate Abilities, Weirdness & Mutations

You have large cloven feet.
You may emit foul miasma when damaged in melee.
You are immune to rotting.


Message History

You see here 2 throwing nets.
You see here a leather armour.
You see here 2 throwing nets.
You hit Bapho's ghost but do no damage. You kick Bapho's ghost.
Bapho's ghost is moderately damaged.
Bapho's ghost hits you.
You hit Bapho's ghost but do no damage. You kick Bapho's ghost.
Bapho's ghost is moderately damaged.
Bapho's ghost hits you.
Bapho's ghost hits you but does no damage.
You hit Bapho's ghost.
Bapho's ghost is moderately damaged.
Bapho's ghost says, "One skewered Demonspawn, coming right up."
Bapho's ghost hits you!
* * * LOW HITPOINT WARNING * * *
You barely miss Bapho's ghost.
You kick Bapho's ghost, but do no damage.
Bapho's ghost is moderately damaged.
Bapho's ghost hits you!
You die...

####### #.....# #.##.##
#.##.# ###########.##.#
#.@W........##.# #
##.############.#
.#######.#.#..........[....#
.......#.#....############.#
. #.......####.######## ###
.# #.......##........... .#
#..>....##.#.######## .#
#.......##.#.....# .#
#.......##.#.###.#


You could see Bapho's ghost.

Vanquished Creatures
  Robin (D:3)
  An adder (D:2)
  A worm (D:2)
  2 dart slugs (D:1)
  4 leopard geckos
  3 giant cockroaches (D:2)
  13 goblins
  3 hobgoblins
  3 jackals (D:2)
  5 bats
  5 frilled lizards
  4 kobolds
  6 rats
51 creatures vanquished.

Notes
Turn   | Place    | Note
-------+----------+-------------------------------------------
     0 | D:1      | HypnoRock the Demonspawn Gladiator began the quest for the Orb.
     0 | D:1      | Reached XP level 1. HP: 16/16 MP: 1/1
   175 | D:1      | Gained mutation: You are immune to rotting. [demonic ancestry]
   175 | D:1      | Reached XP level 2. HP: 17/22 MP: 2/2
   729 | D:2      | Gained mutation: You have large cloven feet. [demonic ancestry]
   729 | D:2      | Reached XP level 3. HP: 28/28 MP: 3/3
  1115 | D:2      | Found a shattered altar of Ashenzari.
  1427 | D:3      | Noticed Robin
  1441 | D:3      | Gained mutation: You may emit foul miasma when damaged in melee. [demonic ancestry]
  1441 | D:3      | Reached XP level 4. HP: 25/35 MP: 4/4
  1446 | D:3      | Killed Robin
  1641 | D:3      | Noticed Bapho's ghost (amateur HOFi)
  1717 | D:3      | Slain by Bapho's ghost

Skill      XL: |  1  2  3 |
---------------+----------+-----
Maces & Flails | 3 |  3.7
Dodging        | 3 |  3.0
Throwing       | 2 |  2.0
Fighting       | 3 |  3.1

Action                   |  1- 3 |  4- 6 || total
-------------------------+-------+-------++-------
Melee: Flail             |   147 |    23 ||   170
       Kick              |    11 |    12 ||    23
Throw: Throwing net      |       |     2 ||     2
  Eat: Chunk             |     2 |     1 ||     3
Armor: Ring mail         |    64 |     1 ||    65
       Scale mail        |       |     8 ||     8
Dodge: Dodged            |   122 |     9 ||   131
